 Dungeon Crawl Stone Soup version 0.24-a0-235-g3f03afc (webtiles) character file.

Game seed: 910075652847207374

3781 MatthieuS the Reanimator (level 9, 0/54 HPs)
             Began as a Deep Elf Necromancer on Apr 5, 2019.
             Was a Priest of Makhleb.
             Slain by Grum
             ... wielding a +0 halberd
              (22 damage)
             ... on level 8 of the Dungeon.
             The game lasted 00:26:18 (10345 turns).

MatthieuS the Reanimator (Deep Elf Necromancer)    Turns: 10345, Time: 00:26:19

Health: 0/54       AC:  7    Str:  7    XL:     9   Next: 95%
Magic:  2/24       EV: 15    Int: 24    God:    Makhleb [***...]
Gold:   259        SH:  4    Dex: 15    Spells: 15/27 levels left

rFire    . . .     SeeInvis .   i - +2 dagger (venom)
rCold    + . .     Gourm    .   (no shield)
rNeg     . . .     Faith    .   r - +0 leather armour
rPois    .         Spirit   .   (helmet restricted)
rElec    .         Reflect  .   (no cloak)
rCorr    .         Harm     .   s - +1 pair of gloves
MR       .....                  z - +1 pair of boots {Stlth+}
Stlth    +++++.....             (no amulet)
HPRegen  0.18/turn              d - +3 ring of evasion
MPRegen  0.19/turn              f - ring of protection from cold

@: no status effects
A: horns 1, large bone plates 1, strong 1
a: Minor Destruction, Lesser Servant of Makhleb, Renounce Religion


You were on level 8 of the Dungeon.
You worshipped Makhleb.
Makhleb was most pleased with you.
You were not hungry.

You visited 2 branches of the dungeon, and saw 9 of its levels.

You collected 259 gold pieces.

Inventory:

Hand Weapons
 a - a +2 hand axe of pain
   (You took it off an orc on level 4 of the Dungeon)
 i - a +2 dagger of venom (weapon)
   (You took it off Dowan on level 5 of the Dungeon)
 m - a +0 dagger of piercing
   (You found it on level 6 of the Dungeon)
 D - the +7 halberd "Reoppuac" {drain, rC+++ MR- Str-4 SInv}
   (You found it on level 8 of the Dungeon)

   A truly terrible weapon, it drains the life of those it strikes.
   It affects your strength (-4).
   It renders you almost immune to cold.
   It affects your resistance to hostile enchantments.
   It lets you see invisible.
Armour
 j - a +2 shield
   (You took it off a goblin on level 2 of the Dungeon)
 r - a +0 leather armour (worn)
   (You took it off Duvessa on level 5 of the Dungeon)
 s - a +1 pair of gloves (worn)
   (You found it on level 3 of the Dungeon)
 z - a +1 pair of boots of stealth (worn)
   (You found it on level 7 of the Dungeon)
Magical Staves
 A - an uncursed staff of earth
   (You found it on level 8 of the Dungeon)
Jewellery
 d - a +3 ring of evasion (left hand)
   (You took it off a goblin on level 2 of the Dungeon)
 f - a ring of protection from cold (right hand)
   (You found it on level 1 of the Dungeon)
Wands
 t - a wand of flame (20)
   (You found it on level 6 of the Dungeon)
 x - a wand of acid (8)
   (You found it on level 8 of the Dungeon)
Scrolls
 g - a scroll of summoning
 h - 2 scrolls of remove curse {@r2}
 n - a scroll of fear
 o - a scroll of silence
 p - 4 scrolls of fog
 q - 3 scrolls of teleportation {@r4}
 v - a scroll of magic mapping
 y - a scroll of immolation {!r}
Potions
 c - a potion of flight
 k - 2 potions of curing {@q1}
 l - 2 potions of mutation {!q}
 u - a potion of cancellation
 w - 2 potions of brilliance
 B - a potion of heal wounds {unknown}
Comestibles
 e - 13 rations
 C - 4 chunks of flesh


   Skills:
 + Level 5.5 Fighting
 - Level 2.4 Dodging
 + Level 9.5 Stealth
 + Level 9.6 Spellcasting
 - Level 4.0 Charms
 + Level 9.7 Necromancy
 + Level 1.3 Invocations


You had 15 spell levels left.
You knew the following spells:

 Your Spells              Type           Power        Failure   Level  Hunger
a - Pain                  Necr           ####         1%          1    None
b - Animate Dead          Necr           N/A          1%          4    #......
e - Regeneration          Chrm/Necr      #####.....   1%          3    None
q - Vampiric Draining     Necr           ######....   1%          3    None
z - Animate Skeleton      Necr           N/A          1%          1    None

Your spell library contained the following spells:

 Spells                   Type           Power        Failure   Level  Hunger


Dungeon Overview and Level Annotations

Branches:
Dungeon (8/15)             Temple (1/1) D:4
   Lair: D:8-11

Altars:
Ashenzari
Dithmenos
Fedhas
Kikubaaqudgha
Makhleb
Nemelex Xobeh
Okawaru
Qazlal
Sif Muna
Trog
Uskayaw
Vehumet
Wu Jian
Xom
Yredelemnul
The Shining One

Annotations:
D:8 Grum


Innate Abilities, Weirdness & Mutations

You have a pair of small horns on your head.
You are partially covered in large bone plates. (SH +4)
Your muscles are strong. (Str +2)


Message History

Your ogre skeleton barely misses the wolf.
The wolf bites your ogre skeleton! Grum completely misses you.
Aim: Grum, wielding a +0 halberd and wearing a +0 animal skin (heavily wounded, chance to defeat MR: 89%) Grum barely resists.
The wolf bites you but does no damage. The wolf bites your ogre skeleton!
Your ogre skeleton closely misses the wolf.
Aim: Grum, wielding a +0 halberd and wearing a +0 animal skin (heavily wounded, chance to defeat MR: 89%) Grum writhes in agony.
The wolf bites you. The wolf bites your ogre skeleton. You block Grum's attack.
The wolf closely misses you. The wolf bites your ogre skeleton!
Your ogre skeleton is destroyed!
Aim: a wolf You feel life coursing into your body.
The wolf bites you. Grum barely misses you. You block the wolf's attack.
Unknown command.
You block the wolf's attack. The wolf barely misses you. The wolf bites you!
* * * LOW HITPOINT WARNING * * *
Aim: a wolf (severely wounded)
You kill the wolf!
Makhleb accepts your kill.
You feel better.
You feel life coursing into your body. You block Grum's attack.
The wolf bites you.
* * * LOW HITPOINT WARNING * * *
The wolf closely misses you. The wolf bites you but does no damage.
The wolf bites you.
* * * LOW HITPOINT WARNING * * *
Aim: a wolf You feel life coursing into your body.
The wolf bites you but does no damage. You block the wolf's attack.
The wolf bites you.
* * * LOW HITPOINT WARNING * * *
Aim: a wolf (heavily wounded)
You kill the wolf!
Makhleb accepts your kill.
You feel better.
You feel life coursing into your body.
Okay, then.
A demon appears!
The wolf closely misses you.
Grum hits you from afar with a +0 halberd!
* * * LOW HITPOINT WARNING * * *
The wolf bites you but does no damage.
Grum sniffs the air and quickly glances around.
The wolf closely misses you.
Aim: a wolf (chance to defeat MR: 84%)
The wolf writhes in agony.
The wolf completely misses you.
Your ynoxinul misses the wolf.
Grum points his finger and barks, "Attack!"
Grum hits you from afar with a +0 halberd!!
You die...

#.....#..†..##
.....#........#
.### #....#.###
### #...##..#
##.##
#.....####†##
#...## #....##
#..###....##
#...#
##g##......#
....#
##h.......##
....#
#3@.......##
####
##.........#
#.........)# ##
#..........# +.
##..........#
#.
#..........##
#. #..........#
##.
#.......(.##
##..
#........##
#...


You could see Grum, a wolf and a friendly ynoxinul.

Vanquished Creatures
  Sigmund (D:2)
  A human (D:7)
  4 hogs
  Duvessa (D:5)
  A black bear (D:6)
  An orc warrior (D:5)
  A phantom (D:4)
  2 wolves (D:8)
  4 ogres
  A centaur (D:5)
  A big kobold (D:6)
  6 bullfrogs
  Dowan (D:5)
  2 scorpions
  6 crimson imps
  A bullfrog zombie (D:5)
  2 orc priests (D:8)
  2 hounds (D:5)
  A jelly (D:8)
  A gnoll shaman (D:5)
  6 orc wizards
  3 iguanas
  5 worker ants
  A hound skeleton (D:4)
  Robin (D:2)
  3 adders
  7 gnolls (D:5)
  3 shadow imps
  An adder skeleton (D:6)
  2 worms
  A dart slug (D:2)
  3 leopard geckos
  33 orcs
  A ball python (D:1)
  4 giant cockroaches
  16 goblins
  9 hobgoblins
  6 jackals
  8 kobolds
  2 quokkas
  A ball python zombie (D:6)
  2 bats
  4 frilled lizards
  A jackal skeleton (D:8)
  13 rats
176 creatures vanquished.

Vanquished Creatures (collateral kills)
  A troll (D:8)
  A sky beast (D:5)
  2 bullfrogs (D:7)
  An orc priest (D:8)
  A jelly (D:8)
  A bullfrog skeleton (D:7)
  A hound skeleton (D:6)
  An adder (D:8)
  A shadow imp (D:7)
  An orc (D:8)
  A goblin (D:2)
  A hobgoblin (D:3)
  2 kobolds (D:6)
15 creatures vanquished.

Vanquished Creatures (others)
  A wizard (D:4)
  A worm (D:2)
  2 goblins (D:2)
  A hobgoblin (D:2)
  A rat (D:2)
6 creatures vanquished.

Grand Total: 197 creatures vanquished

Notes
Turn   | Place    | Note
-------+----------+-------------------------------------------
     0 | D:1      | MatthieuS the Deep Elf Necromancer began the quest for the
                  | Orb.
     0 | D:1      | Reached XP level 1. HP: 10/10 MP: 6/6
   420 | D:1      | Reached skill level 5 in Necromancy
   423 | D:1      | Reached XP level 2. HP: 10/15 MP: 1/8
   955 | D:2      | Learned a level 1 spell: Animate Skeleton
   957 | D:2      | Found a stormy altar of Qazlal.
   962 | D:2      | Noticed Robin
   990 | D:2      | Gained mutation: Your muscles are strong. (Str +2) [potion
                  | of mutation]
   990 | D:2      | Gained mutation: You are partially covered in large bone
                  | plates. (SH +4) [potion of mutation]
   990 | D:2      | Gained mutation: You have a pair of small horns on your
                  | head. [potion of mutation]
   993 | D:2      | Noticed Sigmund
  1291 | D:2      | Reached XP level 3. HP: 18/19 MP: 7/10
  1327 | D:2      | Killed Robin
  2083 | D:2      | Learned a level 3 spell: Vampiric Draining
  2087 | D:2      | Learned a level 3 spell: Regeneration
  2152 | D:2      | Found an ornate altar of the Wu Jian Council.
  2331 | D:2      | Found a sparkling altar of Nemelex Xobeh.
  2486 | D:2      | Killed Sigmund
  2486 | D:2      | Reached skill level 1 in Fighting
  2486 | D:2      | Reached XP level 4. HP: 10/25 MP: 3/12
  2486 | D:2      | Reached XP level 5. HP: 12/29 MP: 3/14
  3107 | D:3      | Found a shadowy altar of Dithmenos.
  3545 | D:3      | Learned a level 4 spell: Animate Dead
  3588 | D:4      | Noticed an ogre
  3612 | D:4      | Killed an ogre
  3612 | D:4      | Reached skill level 5 in Spellcasting
  3612 | D:4      | Reached XP level 6. HP: 19/35 MP: 9/15
  3904 | D:4      | Found a staircase to the Ecumenical Temple.
  4031 | Temple   | Entered the Ecumenical Temple
  4140 | Temple   | Became a worshipper of Makhleb the Destroyer
  4522 | D:4      | Reached skill level 5 in Stealth
  4635 | D:4      | Reached XP level 7. HP: 29/40 MP: 15/17
  4985 | D:4      | Found a bloodstained altar of Trog.
  4986 | D:4      | Noticed a wizard
  4991 | D:4      | Killed a wizard
  5207 | D:5      | Entered Level 5 of the Dungeon
  5249 | D:5      | Reached * piety under Makhleb
  6128 | D:5      | Found a glowing golden altar of the Shining One.
  6615 | D:5      | Reached XP level 8. HP: 18/46 MP: 0/19
  7051 | D:5      | Noticed Duvessa
  7052 | D:5      | Noticed Dowan
  7068 | D:5      | Killed Duvessa
  7078 | D:5      | Killed Dowan
  7812 | D:6      | Reached ** piety under Makhleb
  9010 | D:7      | Reached XP level 9. HP: 52/52 MP: 14/23
  9037 | D:7      | Found a burning altar of Makhleb.
  9505 | D:6      | Reached skill level 5 in Fighting
  9787 | D:8      | Found a basalt altar of Yredelemnul.
  9796 | D:8      | Reached *** piety under Makhleb
  9985 | D:8      | Noticed a troll
  9997 | D:8      | Killed a troll
 10187 | D:8      | Found an ancient bone altar of Kikubaaqudgha.
 10267 | D:8      | Got a jewelled halberd
 10271 | D:8      | Identified the +7 halberd "Reoppuac" {drain, rC+++ MR-
                  | Str-4 SInv} (You found it on level 8 of the Dungeon)
 10296 | D:8      | Reached skill level 1 in Invocations
 10318 | D:8      | Noticed Grum
 10345 | D:8      | Slain by Grum

Levels and vault maps discovered:
D:1:      sevenhm_arrival_forest_fort_small_6, layout_basic, st_stairs_3
D:2:      layout_basic, nemelex_altar_shiori, lemuel_coloured_pillars_altar,
          grunt_qazlal_clouds, grunt_decor_mini_mirrors, uniq_sigmund,
          uniq_robin
D:3:      layout_loops_ring, lemuel_doored_altar, serial_bayou,
          serial_bayou_pond_e, serial_bayou_ford_a, serial_bayou_pond_e,
          serial_bayou_pond_d
D:4:      layout_loops_corners, minmay_temple_entry_fiery, first_ration,
          trog_wizard
D:5:      layout_basic, overflow_temple_1_default, minmay_misc_feat_chi,
          uniq_duvessa
D:6:      layout_layer_cave
D:7:      layout_rooms, basic_altar, grunt_livestock, minmay_misc_feat_hallway,
          kennysheep_small_square
D:8:      hangedman_cross_stitches, layout_cave_pods,
          grunt_temple_overflow_gold_and_silver, old_standard_altar,
          lemuel_crystal_altar, uniq_pikel, uniq_grum
Temple:   kb_temple_of_zot

Skill      XL: |  1  2  3  4  5  6  7  8  9 |
---------------+----------------------------+-----
Necromancy     | 5 6 7 8 9 |  9.7
Stealth        | 3 4 5 6 7 9 |  9.5
Spellcasting   | 4 5 6 8 9 |  9.6
Fighting       | 1 2 3 4 5 |  5.5
Charms         | 2 3 4 |  4.0
Invocations    | 1 |  1.3
Dodging        | |  2.4

Action                   |  1- 3 |  4- 6 |  7- 9 || total
-------------------------+-------+-------+-------++-------
Melee: Dagger            |       |    17 |     8 ||    25
       Headbutt          |       |     2 |    45 ||    47
       Hand axe          |       |       |   304 ||   304
 Cast: Pain              |    97 |    71 |   254 ||   422
       Animate Skeleton  |     8 |    11 |    17 ||    36
       Regeneration      |       |     2 |    17 ||    19
       Animate Dead      |       |       |    21 ||    21
       Vampiric Draining |       |       |    17 ||    17
Invok: Lesser Servant of |       |       |     1 ||     1
Evoke: Wand              |       |       |     2 ||     2
  Use: Potion            |     3 |     2 |     7 ||    12
       Scroll            |     3 |       |    16 ||    19
 Stab: Distracted        |       |       |     2 ||     2
       Sleeping          |       |       |     2 ||     2
  Eat: Ration            |     1 |     1 |     3 ||     5
       Chunk             |     1 |     3 |    10 ||    14
Armor: Robe              |       |     1 |    24 ||    25
       Leather armour    |       |       |    72 ||    72
       Skin              |       |       |    14 ||    14
Dodge: Dodged            |    14 |    20 |   301 ||   335
Block: Other             |     2 |     5 |    73 ||    80

Table legend:
 A = Non-vault XP
 B = Vault XP
 C = Vault XP percentage of total XP
 D = Non-vault monster count
 E = Vault monster count
 F = Vault count percentage of total count
                 A         B        C        D         E       F
            +---------+---------+-------+---------+---------+-------
      Total |    3640 |    1762 |  32.6 |     162 |      29 |  15.2
            +---------+---------+-------+---------+---------+-------
        D:1 |      25 |       3 |  10.7 |      15 |       2 |  11.8
        D:2 |      32 |     266 |  89.3 |      17 |      12 |  41.4
        D:3 |      47 |       0 |   0.0 |      19 |       0 |   0.0
        D:4 |     544 |       0 |   0.0 |      22 |       0 |   0.0
        D:5 |     829 |     230 |  21.7 |      30 |       2 |   6.2
        D:6 |     724 |     325 |  31.0 |      27 |       2 |   6.9
        D:7 |     516 |     564 |  52.2 |       9 |       4 |  30.8
        D:8 |     923 |     374 |  28.8 |      23 |       7 |  23.3
            +---------+---------+-------+---------+---------+-------
